Wild vs MapleLeafs

Created - February 25, 2017 at 14:38

Goals
1 2 3 T
Wild 1 0 2 3
MapleLeafs 1 2 1 4
Shots
1 2 3 T
Wild 4 6 10 20
MapleLeafs 14 14 9 37

1st period

1. MapleLeafs , Jonathan Marchessault 13 (Mikael Backlund, Nick Leddy) at 11:27
2. Wild , Jason Spezza 32 (Taylor Fedun, Alex Biega) at 12:26

Penalties :
Colin McDonald (MIN) for Holding (Minor) at 2:48, Alexander Edler (MIN) for Boarding (Minor) at 4:14, Alexander Edler (MIN) for Holding (Minor) at 9:18

2nd period

3. MapleLeafs , Milan Lucic 23 (Kris Russell, Joonas Donskoi) at 5:59
4. MapleLeafs , David Backes 21 (Nazem Kadri, Joffrey Lupul) at 17:46

Penalties :
Mason Raymond (MIN) for Hooking (Minor) at 1:45, Alexander Edler (MIN) for Holding (Minor) at 18:23

3rd period

5. Wild , Sven Baertschi 9 (Tanner Pearson, Alexander Edler) at 4:12 (PP)
6. Wild , Taylor Fedun 8 (Jason Pominville, Marian Gaborik) at 5:16 (PP)
7. MapleLeafs , Jordan Staal 19 (Joffrey Lupul, Brent Seabrook) at 11:57 (PP)

Penalties :
Jordan Staal (TOR) for Holding Stick (Minor) at 4:06, Nick Leddy (TOR) for Interference (Minor) at 4:45, Jeff Petry (MIN) for Roughing (Minor) at 10:43, Nazem Kadri (TOR) for Hooking (Minor) at 13:50

Goalie Stats

Ben Bishop (MIN), 33 saves from 37 shots - (0.892), L, 20-22-6, 59:57 minutes
Petr Mrazek (TOR), 17 saves from 20 shots - (0.850), W, 29-15-4, 60:00 minutes

Players Stats for Wild

Player Name              G  A  P  +/- PIM S  H  SB GA TA FO     MP     PP MP  PK MP  
------------------------------------------------------------------------------------
Alex Biega               0  1  1   0  0   0  3  1  0  0  0/0    17:48   0:00   6:45 
Alexander Edler          0  1  1  -1  6   0  4  2  0  0  0/0    22:31   0:51   2:18 
Carl Gunnarsson          0  0  0  -1  0   1  0  2  0  0  0/0    23:58   0:00   5:28 
Colin McDonald           0  0  0   0  2   0  1  0  0  0  0/0     4:56   0:00   2:30 
Eric Staal               0  0  0   0  0   2  2  0  0  0  8/24   19:13   1:45   0:42 
Jason Pominville         0  1  1   0  0   2  2  0  0  0  0/1    19:24   1:45   1:47 
Jason Spezza             1  0  1  -1  0   3  0  0  0  0  12/27  19:48   0:51   0:00 
Jeff Petry               0  0  0  -1  2   0  3  2  0  0  0/0    19:17   1:45   1:46 
Jimmy Hayes              0  0  0  -1  0   2  1  0  0  0  0/0     9:32   0:00   0:00 
Marian Gaborik           0  1  1   0  0   2  1  0  0  0  0/2    17:37   1:45   0:00 
Mark Streit              0  0  0  -1  0   1  0  2  0  0  0/0    22:05   0:51   3:59 
Markus Granlund          0  0  0   0  0   1  1  1  0  0  8/18    9:24   0:00   6:57 
Mason Raymond            0  0  0  -1  2   0  0  0  0  0  1/2    14:35   0:00   5:04 
Riley Nash               0  0  0  -1  0   1  0  0  0  0  7/13   12:55   0:00   3:23 
Ronalds Kenins           0  0  0   0  0   0  0  0  0  0  0/0     2:27   0:00   0:00 
Sven Baertschi           1  0  1  -1  0   3  1  0  0  0  2/2    20:04   0:51   0:16 
Tanner Pearson           0  1  1  -1  0   0  1  1  0  0  1/1    18:54   0:51   0:00 
Taylor Fedun             1  1  2   0  0   2  1  0  0  0  0/0    14:17   1:45   0:55 

Players Stats for MapleLeafs

Player Name              G  A  P  +/- PIM S  H  SB GA TA FO     MP     PP MP  PK MP  
------------------------------------------------------------------------------------
Alexei Emelin            0  0  0   2  0   0  1  1  0  0  0/0    16:01   0:00   0:06 
Alexey Marchenko         0  0  0   1  0   1  1  2  0  0  0/0    15:41   0:00   1:26 
Andreas Athanasiou       0  0  0   0  0   3  0  0  0  0  2/3     8:13   0:00   0:58 
Brent Seabrook           0  1  1  -1  0   0  2  0  0  0  0/0    23:38   4:51   1:04 
Dale Weise               0  0  0   0  0   1  1  0  0  0  1/1    10:42   0:00   0:00 
David Backes             1  0  1   1  0   7  2  0  0  0  0/1    19:51   4:02   1:36 
Joffrey Lupul            0  2  2   1  0   1  0  0  0  0  0/0    17:21   4:02   0:00 
Jonathan Marchessault    1  0  1   0  0   1  1  0  0  0  0/0    10:42   0:00   0:00 
Joonas Donskoi           0  1  1   1  0   3  0  0  0  0  2/3    21:12   6:34   0:00 
Jordan Staal             1  0  1   1  2   3  0  0  0  0  15/28  20:31   4:02   0:58 
Karl Alzner              0  0  0  -1  0   2  0  0  0  0  0/0    22:33   4:51   1:04 
Kris Russell             0  1  1   2  0   2  0  0  0  0  0/0    21:48   5:45   1:26 
Landon Ferraro           0  0  0   0  0   0  1  0  0  0  0/1     7:15   0:00   0:00 
Mikael Backlund          0  1  1   0  0   1  1  0  0  0  4/14   11:42   0:00   1:00 
Milan Lucic              1  0  1   1  0   5  4  0  0  0  1/4    22:46   6:34   0:40 
Nazem Kadri              0  1  1   1  2   3  2  0  0  0  19/25  19:52   6:34   0:00 
Nick Leddy               0  1  1   1  2   1  2  0  0  0  0/0    20:18   5:45   0:06 
Riley Sheahan            0  0  0   0  0   3  0  0  0  0  7/10    7:15   0:00   0:00 

3 Stars

1 - Milan Lucic (TOR)
2 - Taylor Fedun (MIN)
3 - David Backes (TOR)

Power Play

Wild - 2 on 3 Attempt(s) - 66.67%
MapleLeafs - 1 on 6 Attempt(s) - 16.67%

Penalty Kill

Wild - 5 on 6 Attempt(s) - 83.33% - Score 0 goal in Penalty Kill
MapleLeafs - 1 on 3 Attempt(s) - 33.33% - Score 0 goal in Penalty Kill

Team Stat

Wild - Hits : 21 - Faceoff Wins : 39 - Blocked Shots : 11 - Penalty Minutes : 12
MapleLeafs - Hits : 18 - Faceoff Wins : 51 - Blocked Shots : 3 - Penalty Minutes : 6

Official

Referees : Evgeny Romasko and Francis Charron
Linesman : Andy McElman and Pierre Racicot

Game Notes

No Game Note

Finance

Level 1 -- Attendance: 5378 (82.74%) -- Ticket Income $591,580
Level 2 -- Attendance: 4567 (91.34%) -- Ticket Income $347,092
Level 3 -- Attendance: 2070 (59.14%) -- Ticket Income $136,620
Level 4 -- Attendance: 2487 (88.22%) -- Ticket Income $99,480
Luxury Box -- Attendance: 985 (98.50%) -- Ticket Income $196,015
Game was played at the Air Canada Center.
Total Attendance: 15487 (82.29%)
Total Ticket Income: $1,370,787
Other Income: $205,618
Total Income: $1,576,405

% Time on Ice - Wild

Lines # - Real PCT - Wanted PCT - Time Play
Normal Forward
1 - 39% - 42% - 18:03
2 - 35% - 38% - 15:52
3 - 21% - 17% - 9:32
4 - 5% - 3% - 2:27
Normal Defense
1 - 40% - 43% - 18:27
2 - 34% - 37% - 15:47
3 - 25% - 15% - 11:37
4 - 0% - 5% - 0:03
PP Forward
1 - 33% - 50% - 0:51
2 - 67% - 50% - 1:45
PP Defense
1 - 33% - 50% - 0:51
2 - 67% - 50% - 1:45
PK Forward
1 - 69% - 58% - 6:59
2 - 31% - 42% - 3:04
PK Defense
1 - 41% - 53% - 4:10
2 - 59% - 47% - 5:53
PK3 Forward
1 - 58% - 50% - 0:19
2 - 42% - 50% - 0:14
PK3 Defense
1 - 0% - 55% - 0:00
2 - 100% - 45% - 0:33
44 Forward
1 - 0% - 55%
2 - 0% - 45%
44 Defense
1 - 0% - 55%
2 - 0% - 45%
Last Minute Offensive  - 0:54
Last Minute Defensive  - 0:00
Total
Forward - 60:00
Defense - 60:00

% Time on Ice - MapleLeafs

Lines # - Real PCT - Wanted PCT - Time Play
Normal Forward
1 - 32% - 31% - 14:38
2 - 29% - 29% - 13:19
3 - 23% - 23% - 10:42
4 - 16% - 17% - 7:15
Normal Defense
1 - 34% - 35% - 15:44
2 - 32% - 33% - 14:37
3 - 31% - 32% - 14:15
4 - 3% - 0% - 1:18
PP Forward
1 - 62% - 53% - 6:34
2 - 38% - 47% - 4:02
PP Defense
1 - 46% - 54% - 4:51
2 - 54% - 46% - 5:45
PK Forward
1 - 62% - 51% - 1:36
2 - 38% - 49% - 1:00
PK Defense
1 - 45% - 60% - 1:10
2 - 55% - 40% - 1:26
PK3 Forward
1 - 0% - 51%
2 - 0% - 49%
PK3 Defense
1 - 0% - 52%
2 - 0% - 48%
44 Forward
1 - 0% - 53%
2 - 0% - 47%
44 Defense
1 - 0% - 54%
2 - 0% - 46%
Last Minute Offensive  - 0:00
Last Minute Defensive  - 0:54
Total
Forward - 60:00
Defense - 60:00

Play by Play

1st period


0:01 of 1st period - Jordan Staal wins face-off versus Jason Spezza in neutral zone.
0:23 of 1st period - Shot by Joonas Donskoi.
0:23 of 1st period - Stopped by Ben Bishop with a rebound.
0:27 of 1st period - Shot by Jordan Staal.
0:27 of 1st period - Shot Misses the Net.
0:29 of 1st period - Shot by Milan Lucic.
0:29 of 1st period - Shot Misses the Net.
0:35 of 1st period - Shot by Jordan Staal.
0:35 of 1st period - Shot Misses the Net.
0:37 of 1st period - Shot by Karl Alzner.
0:37 of 1st period - Stopped by Ben Bishop with a rebound.
0:41 of 1st period - Shot by Jordan Staal.
0:41 of 1st period - Shot Blocked by Alexander Edler.
1:08 of 1st period - Icing by Alexei Emelin.
1:09 of 1st period - Nazem Kadri wins face-off versus Eric Staal in MapleLeafs zone.
1:59 of 1st period - Icing by Kris Russell.
2:00 of 1st period - Nazem Kadri wins face-off versus Riley Nash in MapleLeafs zone.
2:25 of 1st period - Jimmy Hayes is hit by Nick Leddy and loses puck.
2:48 of 1st period - Minor Penalty to Colin McDonald for Holding.
2:49 of 1st period - Markus Granlund wins face-off versus Nazem Kadri in Wild zone.
3:31 of 1st period - Icing by Karl Alzner.
3:32 of 1st period - Riley Nash wins face-off versus Milan Lucic in MapleLeafs zone.
4:14 of 1st period - Minor Penalty to Alexander Edler for Boarding.
4:15 of 1st period - Jordan Staal wins face-off versus Markus Granlund in Wild zone.
4:26 of 1st period - Shot by Joffrey Lupul.
4:26 of 1st period - Shot Blocked by Markus Granlund.
4:28 of 1st period - Shot by David Backes.
4:28 of 1st period - Stopped by Ben Bishop without a rebound.
4:29 of 1st period - Riley Nash wins face-off versus Jordan Staal in Wild zone.
4:53 of 1st period - Icing by Karl Alzner.
4:54 of 1st period - Markus Granlund wins face-off versus Jordan Staal in MapleLeafs zone.
5:00 of 1st period - Icing by Jordan Staal.
5:01 of 1st period - Jordan Staal wins face-off versus Markus Granlund in MapleLeafs zone.
5:43 of 1st period - Shot by Nazem Kadri.
5:43 of 1st period - Stopped by Ben Bishop without a rebound.
5:44 of 1st period - Nazem Kadri wins face-off versus Riley Nash in Wild zone.
5:51 of 1st period - Shot by Nick Leddy.
5:51 of 1st period - Stopped by Ben Bishop without a rebound.
5:52 of 1st period - Riley Nash wins face-off versus Milan Lucic in Wild zone.
6:20 of 1st period - Riley Sheahan is hit by Jeff Petry and loses puck.
6:29 of 1st period - Shot by Riley Sheahan.
6:29 of 1st period - Stopped by Ben Bishop without a rebound.
6:30 of 1st period - Sven Baertschi wins face-off versus Mikael Backlund in Wild zone.
6:56 of 1st period - Alexander Edler is hit by Mikael Backlund.
7:08 of 1st period - Shot by Sven Baertschi.
7:08 of 1st period - Stopped by Petr Mrazek without a rebound.
7:09 of 1st period - Jordan Staal wins face-off versus Marian Gaborik in MapleLeafs zone.
7:52 of 1st period - Shot by Milan Lucic.
7:52 of 1st period - Shot Blocked by Mark Streit.
8:39 of 1st period - Shot by Kris Russell.
8:39 of 1st period - Shot Blocked by Jeff Petry.
9:03 of 1st period - Shot by Jason Spezza.
9:03 of 1st period - Stopped by Petr Mrazek without a rebound.
9:04 of 1st period - Jason Spezza wins face-off versus Mikael Backlund in MapleLeafs zone.
9:18 of 1st period - Minor Penalty to Alexander Edler for Holding.
9:19 of 1st period - Markus Granlund wins face-off versus Nazem Kadri in Wild zone.
9:25 of 1st period - Icing by Nick Leddy.
9:26 of 1st period - Nazem Kadri wins face-off versus Markus Granlund in MapleLeafs zone.
10:26 of 1st period - Karl Alzner is hit by Markus Granlund and loses puck.
10:57 of 1st period - Shot by David Backes.
10:57 of 1st period - Stopped by Ben Bishop with a rebound.
10:59 of 1st period - Shot by David Backes.
10:59 of 1st period - Stopped by Ben Bishop with a rebound.
11:25 of 1st period - Shot by Jonathan Marchessault.
11:25 of 1st period - Shot Blocked by Jeff Petry.
11:27 of 1st period - Shot by Jonathan Marchessault.
11:27 of 1st period - Goal by Jonathan Marchessault - Wild : 0 - MapleLeafs : 1.
11:28 of 1st period - Riley Sheahan wins face-off versus Eric Staal in neutral zone.
12:26 of 1st period - Shot by Jason Spezza.
12:26 of 1st period - Goal by Jason Spezza - Wild : 1 - MapleLeafs : 1.
12:27 of 1st period - Markus Granlund wins face-off versus Jordan Staal in neutral zone.
12:44 of 1st period - Shot by Jordan Staal.
12:44 of 1st period - Stopped by Ben Bishop without a rebound.
12:45 of 1st period - Nazem Kadri wins face-off versus Jason Spezza in Wild zone.
13:08 of 1st period - Shot by Nazem Kadri.
13:08 of 1st period - Shot Blocked by Tanner Pearson.
13:23 of 1st period - Shot by Sven Baertschi.
13:23 of 1st period - Stopped by Petr Mrazek without a rebound.
13:24 of 1st period - Eric Staal wins face-off versus Milan Lucic in MapleLeafs zone.
13:59 of 1st period - Icing by Mark Streit.
14:00 of 1st period - Mikael Backlund wins face-off versus Jason Pominville in Wild zone.
14:12 of 1st period - Jeff Petry is hit by Alexei Emelin and loses puck.
14:29 of 1st period - Shot by Mikael Backlund.
14:29 of 1st period - Shot Misses the Net.
14:32 of 1st period - Icing by Carl Gunnarsson.
14:33 of 1st period - Jason Spezza wins face-off versus Nazem Kadri in Wild zone.
15:01 of 1st period - Shot by David Backes.
15:01 of 1st period - Shot Blocked by Carl Gunnarsson.
15:39 of 1st period - Shot by Jordan Staal.
15:39 of 1st period - Stopped by Ben Bishop with a rebound.
15:41 of 1st period - Shot by Alexey Marchenko.
15:41 of 1st period - Stopped by Ben Bishop without a rebound.
15:42 of 1st period - Eric Staal wins face-off versus Mikael Backlund in Wild zone.
15:55 of 1st period - Shot by Jason Pominville.
15:55 of 1st period - Shot Misses the Net.
16:22 of 1st period - Icing by Mark Streit.
16:23 of 1st period - Jordan Staal wins face-off versus Eric Staal in Wild zone.
16:35 of 1st period - Off-side.
16:36 of 1st period - Nazem Kadri wins face-off versus Jason Spezza in neutral zone.
16:43 of 1st period - Shot by David Backes.
16:43 of 1st period - Stopped by Ben Bishop without a rebound.
16:44 of 1st period - Milan Lucic wins face-off versus Jason Spezza in Wild zone.
17:02 of 1st period - Off-side.
17:03 of 1st period - Nazem Kadri wins face-off versus Mason Raymond in neutral zone.
17:14 of 1st period - Shot by Nazem Kadri.
17:14 of 1st period - Shot Misses the Net.
18:27 of 1st period - Icing by Alexander Edler.
18:28 of 1st period - Riley Sheahan wins face-off versus Jason Spezza in Wild zone.
18:31 of 1st period - Shot by Andreas Athanasiou.
18:31 of 1st period - Shot Misses the Net.
18:34 of 1st period - Icing by Jason Spezza.
18:35 of 1st period - Jason Spezza wins face-off versus Jordan Staal in Wild zone.
18:35 of 1st period - Tanner Pearson is hit by Milan Lucic and loses puck.
19:02 of 1st period - Shot by Milan Lucic.
19:02 of 1st period - Stopped by Ben Bishop without a rebound.
19:03 of 1st period - Riley Sheahan wins face-off versus Eric Staal in Wild zone.
19:11 of 1st period - Off-side.
19:12 of 1st period - Mikael Backlund wins face-off versus Eric Staal in neutral zone.
19:17 of 1st period - Icing by Mark Streit.
19:18 of 1st period - Eric Staal wins face-off versus Jordan Staal in Wild zone.
19:52 of 1st period - Alexey Marchenko is hit by Marian Gaborik and loses puck.
Goals for this period are 1 for Wild vs 1 for MapleLeafs.
Shots for this period are 4 for Wild vs 14 for MapleLeafs.

2nd period


0:01 of 2nd period - Jordan Staal wins face-off versus Jason Spezza in neutral zone.
0:24 of 2nd period - Icing by Carl Gunnarsson.
0:25 of 2nd period - Tanner Pearson wins face-off versus Mikael Backlund in Wild zone.
1:45 of 2nd period - Minor Penalty to Mason Raymond for Hooking.
1:46 of 2nd period - Joonas Donskoi wins face-off versus Markus Granlund in Wild zone.
3:53 of 2nd period - Brent Seabrook is hit by Taylor Fedun and loses puck.
4:38 of 2nd period - Shot by Riley Sheahan.
4:38 of 2nd period - Stopped by Ben Bishop without a rebound.
4:39 of 2nd period - Riley Sheahan wins face-off versus Eric Staal in Wild zone.
4:44 of 2nd period - Shot by Riley Sheahan.
4:44 of 2nd period - Stopped by Ben Bishop without a rebound.
4:45 of 2nd period - Eric Staal wins face-off versus Landon Ferraro in Wild zone.
5:04 of 2nd period - Shot by Marian Gaborik.
5:04 of 2nd period - Stopped by Petr Mrazek with a rebound.
5:59 of 2nd period - Shot by Milan Lucic.
5:59 of 2nd period - Goal by Milan Lucic - Wild : 1 - MapleLeafs : 2.
6:00 of 2nd period - Nazem Kadri wins face-off versus Riley Nash in neutral zone.
6:38 of 2nd period - Off-side.
6:39 of 2nd period - Jason Spezza wins face-off versus Jordan Staal in neutral zone.
6:39 of 2nd period - Alexander Edler is hit by Milan Lucic and loses puck.
6:44 of 2nd period - Shot by Milan Lucic.
6:44 of 2nd period - Shot Misses the Net.
6:52 of 2nd period - Sven Baertschi is hit by Milan Lucic and loses puck.
7:00 of 2nd period - Milan Lucic is hit by Alexander Edler and loses puck.
7:09 of 2nd period - Shot by Joonas Donskoi.
7:09 of 2nd period - Shot Blocked by Carl Gunnarsson.
7:11 of 2nd period - Shot by Jordan Staal.
7:11 of 2nd period - Shot Misses the Net.
7:13 of 2nd period - Shot by Joonas Donskoi.
7:13 of 2nd period - Stopped by Ben Bishop without a rebound.
7:14 of 2nd period - Eric Staal wins face-off versus Mikael Backlund in Wild zone.
7:41 of 2nd period - Shot by Taylor Fedun.
7:41 of 2nd period - Stopped by Petr Mrazek without a rebound.
7:42 of 2nd period - Riley Nash wins face-off versus Nazem Kadri in MapleLeafs zone.
8:16 of 2nd period - Shot by Nazem Kadri.
8:16 of 2nd period - Stopped by Ben Bishop without a rebound.
8:17 of 2nd period - Jordan Staal wins face-off versus Jason Spezza in Wild zone.
8:17 of 2nd period - Milan Lucic is hit by Alexander Edler and loses puck.
9:15 of 2nd period - Icing by Alexei Emelin.
9:16 of 2nd period - Jordan Staal wins face-off versus Riley Nash in MapleLeafs zone.
9:39 of 2nd period - Shot by Mason Raymond.
9:39 of 2nd period - Deflect By Riley Nash.
9:39 of 2nd period - Stopped by Petr Mrazek without a rebound.
9:40 of 2nd period - Andreas Athanasiou wins face-off versus Eric Staal in MapleLeafs zone.
9:49 of 2nd period - Taylor Fedun is hit by Landon Ferraro and loses puck.
10:03 of 2nd period - Shot by Alexey Marchenko.
10:03 of 2nd period - Shot Misses the Net.
10:05 of 2nd period - Shot by Andreas Athanasiou.
10:05 of 2nd period - Shot Misses the Net.
10:07 of 2nd period - Shot by Nick Leddy.
10:07 of 2nd period - Shot Misses the Net.
10:09 of 2nd period - Shot by Andreas Athanasiou.
10:09 of 2nd period - Stopped by Ben Bishop without a rebound.
10:10 of 2nd period - Sven Baertschi wins face-off versus David Backes in Wild zone.
10:14 of 2nd period - Tanner Pearson is hit by Nazem Kadri and loses puck.
10:19 of 2nd period - Carl Gunnarsson is hit by Nazem Kadri and loses puck.
11:20 of 2nd period - Nick Leddy is hit by Jason Pominville and loses puck.
11:48 of 2nd period - Icing by Jeff Petry.
11:49 of 2nd period - Eric Staal wins face-off versus Mikael Backlund in Wild zone.
12:04 of 2nd period - Shot by Dale Weise.
12:04 of 2nd period - Stopped by Ben Bishop without a rebound.
12:05 of 2nd period - Riley Nash wins face-off versus Riley Sheahan in Wild zone.
12:30 of 2nd period - Shot by Jimmy Hayes.
12:30 of 2nd period - Stopped by Petr Mrazek without a rebound.
12:31 of 2nd period - Jordan Staal wins face-off versus Markus Granlund in MapleLeafs zone.
12:31 of 2nd period - Jordan Staal is hit by Colin McDonald.
12:34 of 2nd period - Icing by Milan Lucic.
12:35 of 2nd period - Jordan Staal wins face-off versus Eric Staal in MapleLeafs zone.
12:40 of 2nd period - Shot by Karl Alzner.
12:40 of 2nd period - Stopped by Ben Bishop with a rebound.
12:42 of 2nd period - Shot by Milan Lucic.
12:42 of 2nd period - Shot Misses the Net.
12:44 of 2nd period - Shot by Milan Lucic.
12:44 of 2nd period - Stopped by Ben Bishop without a rebound.
12:45 of 2nd period - Jason Spezza wins face-off versus Mikael Backlund in Wild zone.
13:02 of 2nd period - Jason Spezza is hit by Nick Leddy and loses puck.
13:38 of 2nd period - Nick Leddy is hit by Eric Staal and loses puck.
13:47 of 2nd period - Shot by Marian Gaborik.
13:47 of 2nd period - Deflect By Jason Pominville.
13:47 of 2nd period - Stopped by Petr Mrazek without a rebound.
13:48 of 2nd period - Jordan Staal wins face-off versus Riley Nash in MapleLeafs zone.
14:02 of 2nd period - Milan Lucic is hit by Alex Biega and loses puck.
14:08 of 2nd period - Riley Nash is hit by Brent Seabrook and loses puck.
14:56 of 2nd period - Icing by Jason Pominville.
14:57 of 2nd period - Nazem Kadri wins face-off versus Eric Staal in Wild zone.
15:22 of 2nd period - Off-side.
15:23 of 2nd period - Jason Spezza wins face-off versus Riley Sheahan in neutral zone.
15:33 of 2nd period - Shot by Tanner Pearson.
15:33 of 2nd period - Shot Misses the Net.
16:33 of 2nd period - Shot by David Backes.
16:33 of 2nd period - Stopped by Ben Bishop without a rebound.
16:34 of 2nd period - Eric Staal wins face-off versus Jordan Staal in Wild zone.
16:43 of 2nd period - Shot by Jason Pominville.
16:43 of 2nd period - Stopped by Petr Mrazek with a rebound.
17:14 of 2nd period - Shot by Milan Lucic.
17:14 of 2nd period - Deflect By Joonas Donskoi.
17:14 of 2nd period - Shot Blocked by Mark Streit.
17:44 of 2nd period - Shot by Nazem Kadri.
17:44 of 2nd period - Shot Misses the Net.
17:46 of 2nd period - Shot by Nazem Kadri.
17:46 of 2nd period - Deflect By David Backes.
17:46 of 2nd period - Goal by David Backes - Wild : 1 - MapleLeafs : 3.
17:47 of 2nd period - Markus Granlund wins face-off versus Mikael Backlund in neutral zone.
18:07 of 2nd period - Off-side.
18:08 of 2nd period - Nazem Kadri wins face-off versus Jason Spezza in neutral zone.
18:10 of 2nd period - Off-side.
18:11 of 2nd period - Jason Spezza wins face-off versus Nazem Kadri in neutral zone.
18:23 of 2nd period - Minor Penalty to Alexander Edler for Holding.
18:24 of 2nd period - Markus Granlund wins face-off versus Nazem Kadri in Wild zone.
18:30 of 2nd period - Icing by Nick Leddy.
18:31 of 2nd period - Nazem Kadri wins face-off versus Markus Granlund in MapleLeafs zone.
18:54 of 2nd period - Shot by Kris Russell.
18:54 of 2nd period - Stopped by Ben Bishop with a rebound.
18:56 of 2nd period - Shot by Joonas Donskoi.
18:56 of 2nd period - Stopped by Ben Bishop without a rebound.
18:57 of 2nd period - Markus Granlund wins face-off versus Jordan Staal in Wild zone.
19:10 of 2nd period - Shot by Joffrey Lupul.
19:10 of 2nd period - Shot Misses the Net.
19:12 of 2nd period - Shot by Jordan Staal.
19:12 of 2nd period - Shot Misses the Net.
19:14 of 2nd period - Shot by Karl Alzner.
19:14 of 2nd period - Shot Misses the Net.
19:22 of 2nd period - Shot by Jordan Staal.
19:22 of 2nd period - Shot Blocked by Alex Biega.
19:24 of 2nd period - Shot by David Backes.
19:24 of 2nd period - Stopped by Ben Bishop without a rebound.
19:25 of 2nd period - Markus Granlund wins face-off versus Joonas Donskoi in Wild zone.
19:56 of 2nd period - Shot by Joonas Donskoi.
19:56 of 2nd period - Shot Misses the Net.
19:58 of 2nd period - Shot by Joonas Donskoi.
19:58 of 2nd period - Shot Misses the Net.
Goals for this period are 0 for Wild vs 2 for MapleLeafs.
Shots for this period are 6 for Wild vs 14 for MapleLeafs.

3rd period


0:01 of 3rd period - Nazem Kadri wins face-off versus Markus Granlund in neutral zone.
0:08 of 3rd period - Shot by Brent Seabrook.
0:08 of 3rd period - Shot Misses the Net.
0:10 of 3rd period - Shot by Joonas Donskoi.
0:10 of 3rd period - Shot Misses the Net.
0:16 of 3rd period - Shot by Brent Seabrook.
0:16 of 3rd period - Shot Misses the Net.
0:38 of 3rd period - Shot by Tanner Pearson.
0:38 of 3rd period - Shot Blocked by Alexei Emelin.
1:41 of 3rd period - Shot by Eric Staal.
1:41 of 3rd period - Stopped by Petr Mrazek without a rebound.
1:42 of 3rd period - Mason Raymond wins face-off versus Jordan Staal in MapleLeafs zone.
1:43 of 3rd period - Shot by Riley Nash.
1:43 of 3rd period - Shot Misses the Net.
1:53 of 3rd period - Shot by Joonas Donskoi.
1:53 of 3rd period - Shot Misses the Net.
1:55 of 3rd period - Shot by Milan Lucic.
1:55 of 3rd period - Stopped by Ben Bishop with a rebound.
1:57 of 3rd period - Shot by Joonas Donskoi.
1:57 of 3rd period - Shot Misses the Net.
2:05 of 3rd period - Shot by Milan Lucic.
2:05 of 3rd period - Shot Misses the Net.
2:38 of 3rd period - Alex Biega is hit by Brent Seabrook and loses puck.
2:51 of 3rd period - Shot by Nazem Kadri.
2:51 of 3rd period - Shot Misses the Net.
3:11 of 3rd period - Shot by Nazem Kadri.
3:11 of 3rd period - Shot Misses the Net.
3:13 of 3rd period - Shot by Joffrey Lupul.
3:13 of 3rd period - Stopped by Ben Bishop without a rebound.
3:14 of 3rd period - Eric Staal wins face-off versus Riley Sheahan in Wild zone.
3:30 of 3rd period - Icing by Alexei Emelin.
3:31 of 3rd period - Riley Sheahan wins face-off versus Jason Spezza in MapleLeafs zone.
3:33 of 3rd period - Kris Russell is hit by Sven Baertschi and loses puck.
3:41 of 3rd period - Riley Sheahan is hit by Jeff Petry and loses puck.
3:50 of 3rd period - Shot by Andreas Athanasiou.
3:50 of 3rd period - Stopped by Ben Bishop without a rebound.
3:51 of 3rd period - Jordan Staal wins face-off versus Eric Staal in Wild zone.
3:54 of 3rd period - Shot by Milan Lucic.
3:54 of 3rd period - Shot Misses the Net.
4:06 of 3rd period - Minor Penalty to Jordan Staal for Holding Stick.
4:07 of 3rd period - Jason Spezza wins face-off versus Andreas Athanasiou in MapleLeafs zone.
4:10 of 3rd period - Shot by Tanner Pearson.
4:10 of 3rd period - Shot Misses the Net.
4:12 of 3rd period - Shot by Sven Baertschi.
4:12 of 3rd period - Goal by Sven Baertschi - Wild : 2 - MapleLeafs : 3.
4:13 of 3rd period - Nazem Kadri wins face-off versus Jason Spezza in neutral zone.
4:19 of 3rd period - Icing by Tanner Pearson.
4:20 of 3rd period - Jordan Staal wins face-off versus Jason Spezza in Wild zone.
4:29 of 3rd period - Jordan Staal is hit by Tanner Pearson and loses puck.
4:45 of 3rd period - Minor Penalty to Nick Leddy for Interference.
4:46 of 3rd period - Jordan Staal wins face-off versus Eric Staal in MapleLeafs zone.
5:16 of 3rd period - Shot by Taylor Fedun.
5:16 of 3rd period - Goal by Taylor Fedun - Wild : 3 - MapleLeafs : 3.
5:17 of 3rd period - Dale Weise wins face-off versus Jason Spezza in neutral zone.
5:20 of 3rd period - Alexander Edler is hit by Dale Weise and loses puck.
5:28 of 3rd period - Sven Baertschi is hit by Jonathan Marchessault and loses puck.
5:40 of 3rd period - Off-side.
5:41 of 3rd period - Nazem Kadri wins face-off versus Markus Granlund in neutral zone.
6:14 of 3rd period - David Backes is hit by Alex Biega and loses puck.
6:23 of 3rd period - Shot by Joffrey Lupul.
6:23 of 3rd period - Shot Misses the Net.
6:45 of 3rd period - Shot by Marian Gaborik.
6:45 of 3rd period - Stopped by Petr Mrazek without a rebound.
6:46 of 3rd period - Mikael Backlund wins face-off versus Eric Staal in MapleLeafs zone.
7:09 of 3rd period - Shot by Mikael Backlund.
7:09 of 3rd period - Shot Misses the Net.
7:22 of 3rd period - Shot by Mikael Backlund.
7:22 of 3rd period - Stopped by Ben Bishop without a rebound.
7:23 of 3rd period - Jordan Staal wins face-off versus Jason Spezza in Wild zone.
7:23 of 3rd period - Jordan Staal is hit by Jeff Petry.
7:58 of 3rd period - Jason Spezza is hit by Alexey Marchenko and loses puck.
8:03 of 3rd period - Shot by Jason Spezza.
8:03 of 3rd period - Shot Misses the Net.
8:10 of 3rd period - Off-side.
8:11 of 3rd period - Nazem Kadri wins face-off versus Eric Staal in neutral zone.
8:23 of 3rd period - Icing by Alexander Edler.
8:24 of 3rd period - Riley Sheahan wins face-off versus Marian Gaborik in Wild zone.
9:32 of 3rd period - Shot by Mark Streit.
9:32 of 3rd period - Stopped by Petr Mrazek without a rebound.
9:33 of 3rd period - Nazem Kadri wins face-off versus Jason Spezza in MapleLeafs zone.
10:15 of 3rd period - Tanner Pearson is hit by David Backes and loses puck.
10:37 of 3rd period - Milan Lucic is hit by Jimmy Hayes and loses puck.
10:43 of 3rd period - Minor Penalty to Jeff Petry for Roughing.
10:44 of 3rd period - Nazem Kadri wins face-off versus Markus Granlund in Wild zone.
10:45 of 3rd period - Shot by Kris Russell.
10:45 of 3rd period - Stopped by Ben Bishop without a rebound.
10:46 of 3rd period - Joonas Donskoi wins face-off versus Markus Granlund in Wild zone.
11:39 of 3rd period - David Backes is hit by Alexander Edler and loses puck.
11:51 of 3rd period - David Backes is hit by Alexander Edler.
11:53 of 3rd period - Shot by Brent Seabrook.
11:53 of 3rd period - Shot Misses the Net.
11:55 of 3rd period - Shot by Joffrey Lupul.
11:55 of 3rd period - Shot Blocked by Alexander Edler.
11:57 of 3rd period - Shot by Jordan Staal.
11:57 of 3rd period - Goal by Jordan Staal - Wild : 3 - MapleLeafs : 4.
11:58 of 3rd period - Mikael Backlund wins face-off versus Eric Staal in neutral zone.
12:27 of 3rd period - Shot by Eric Staal.
12:27 of 3rd period - Stopped by Petr Mrazek without a rebound.
12:28 of 3rd period - Riley Sheahan wins face-off versus Jason Spezza in MapleLeafs zone.
12:35 of 3rd period - Shot by Andreas Athanasiou.
12:35 of 3rd period - Stopped by Ben Bishop without a rebound.
12:36 of 3rd period - Jason Spezza wins face-off versus Jordan Staal in Wild zone.
12:36 of 3rd period - Jason Spezza is hit by Milan Lucic.
13:50 of 3rd period - Minor Penalty to Nazem Kadri for Hooking.
13:51 of 3rd period - Andreas Athanasiou wins face-off versus Eric Staal in MapleLeafs zone.
13:51 of 3rd period - Andreas Athanasiou is hit by Eric Staal.
14:08 of 3rd period - Alexey Marchenko is hit by Jason Pominville and loses puck.
15:31 of 3rd period - Shot by Jason Pominville.
15:31 of 3rd period - Shot Blocked by Alexey Marchenko.
15:33 of 3rd period - Shot by Taylor Fedun.
15:33 of 3rd period - Shot Blocked by Alexey Marchenko.
16:02 of 3rd period - Icing by Riley Nash.
16:03 of 3rd period - Nazem Kadri wins face-off versus Riley Nash in Wild zone.
16:23 of 3rd period - Icing by Riley Nash.
16:24 of 3rd period - Riley Nash wins face-off versus Mikael Backlund in Wild zone.
16:29 of 3rd period - Shot by Jimmy Hayes.
16:29 of 3rd period - Shot Misses the Net.
16:31 of 3rd period - Shot by Carl Gunnarsson.
16:31 of 3rd period - Stopped by Petr Mrazek with a rebound.
17:17 of 3rd period - Shot by Markus Granlund.
17:17 of 3rd period - Stopped by Petr Mrazek without a rebound.
17:18 of 3rd period - Nazem Kadri wins face-off versus Eric Staal in MapleLeafs zone.
17:36 of 3rd period - Nazem Kadri is hit by Alex Biega and loses puck.
17:39 of 3rd period - Shot by Joffrey Lupul.
17:39 of 3rd period - Deflect By David Backes.
17:39 of 3rd period - Shot Misses the Net.
17:51 of 3rd period - Shot by Joffrey Lupul.
17:51 of 3rd period - Deflect By Nazem Kadri.
17:51 of 3rd period - Stopped by Ben Bishop with a rebound.
17:53 of 3rd period - Shot by David Backes.
17:53 of 3rd period - Shot Misses the Net.
18:37 of 3rd period - Shot by Jason Spezza.
18:37 of 3rd period - Stopped by Petr Mrazek without a rebound.
18:38 of 3rd period - Riley Nash wins face-off versus Mikael Backlund in MapleLeafs zone.
19:05 of 3rd period - Shot by Jimmy Hayes.
19:05 of 3rd period - Stopped by Petr Mrazek without a rebound.
19:06 of 3rd period - Jason Spezza wins face-off versus Jordan Staal in MapleLeafs zone.
19:37 of 3rd period - Shot by Milan Lucic.
19:37 of 3rd period - Stopped by Ben Bishop without a rebound.
19:38 of 3rd period - Jason Spezza wins face-off versus Jordan Staal in Wild zone.
19:38 of 3rd period - Jason Spezza is hit by David Backes.
19:49 of 3rd period - Icing by Alexander Edler.
19:50 of 3rd period - Jason Spezza wins face-off versus Jordan Staal in Wild zone.
19:57 of 3rd period - Wild, Ben Bishop is pulled from the net.
Goals for this period are 2 for Wild vs 1 for MapleLeafs.
Shots for this period are 10 for Wild vs 9 for MapleLeafs.